 Dungeon Crawl Stone Soup version 0.29.1-2-gbd0b4ee654 (webtiles) character file.

Game seed: 1708756127793837768

53022 qeuew the Nimble (level 14, -7/115 HPs)
             Began as a Merfolk Gladiator on Nov 9, 2022.
             Was an Initiate of Gozag.
             Mangled by a death yak (18 damage)
             ... on level 5 of the Lair of Beasts.
             The game lasted 00:35:19 (23552 turns).

qeuew the Nimble (Merfolk Gladiator)               Turns: 23552, Time: 00:35:20

Health: -7/115     AC: 10    Str: 19    XL:     14   Next: 66%
Magic:  14/14      EV: 18    Int:  7    God:    Gozag
Gold:   926        SH: 18    Dex: 17    Spells: 13/13 levels left

rFire   . . .      SeeInvis .   a - +3 trident (spect)
rCold   + + .      Faith    .   z - +2 kite shield
rNeg    . . .      Spirit   .   q - +2 ring mail {rC+}
rPois   +          Reflect  +   c - +0 helmet
rElec   .          Harm     .   C - scarf {repulsion}
rCorr   +          Rampage  +   (no gloves)
Will    ++...                   (no boots)
Stlth   +.........              i - amulet "Neitz" {Reflect Rampage SH+5}
HPRegen 0.29/turn               D - ring "Icafyvyl" {rPois rC+ Will+ rCorr Str+3}
MPRegen 0.14/turn               (no ring)

@: about to teleport, gold aura, repel missiles
A: (nimble swimmer 2), mertail, weak 1, MP-powered wands
a: Renounce Religion, Potion Petition, Call Merchant, Bribe Branch


You were on level 5 of the Lair of Beasts.
You worshipped Gozag.
Gozag was pleased with you.
You visited 3 branches of the dungeon, and saw 16 of its levels.
You also visited: Sewer.

You collected 3929 gold pieces.
You spent 961 gold pieces at shops.
You paid 2042 gold pieces to Gozag.

Inventory:

Hand Weapons
 a - a +3 spectral trident (weapon)
Missiles
 d - 9 throwing nets (quivered)
 e - 2 javelins
Armour
 c - a +0 helmet (worn)
 q - a +2 ring mail of cold resistance (worn)
 z - a +2 kite shield (worn)
 C - a scarf of repulsion (worn)
Jewellery
 i - the amulet "Neitz" (around neck) {Reflect Rampage SH+5}
   (You acquired it in a sewer)

   [amulet of reflection]

   It reflects blocked missile attacks.
   SH:        It affects your SH (+5).
   Rampage:   It bestows one free step when moving towards enemies.
 D - the ring "Icafyvyl" (left hand) {rPois rC+ Will+ rCorr Str+3}
   (You bought it in a shop on level 3 of the Lair of Beasts)

   [ring of willpower]

   Str:       It affects your strength (+3).
   rC:        It protects you from cold.
   rPois:     It protects you from poison.
   rCorr:     It protects you from acid and corrosion.
   Will:      It increases your willpower.
Wands
 o - a wand of paralysis (11)
 r - a wand of roots (12)
 s - a wand of flame (36)
 u - a wand of light (5)
 y - a wand of digging (8)
 B - a wand of polymorph (13)
Scrolls
 f - 5 scrolls of blinking
 h - 2 scrolls of silence
 n - 6 scrolls of identify
 p - 7 scrolls of brand weapon
 v - a scroll of enchant armour
 A - 3 scrolls of magic mapping
 G - 2 scrolls of amnesia
 H - 2 scrolls of enchant weapon
Potions
 g - 5 potions of curing
 j - a potion of flight
 k - 3 potions of haste
 l - a potion of resistance
 m - 2 potions of cancellation
 t - a potion of invisibility
 w - a potion of heal wounds
 x - 5 potions of might
 E - 2 potions of magic
 F - a potion of berserk rage


   Skills:
 + Level 12.2 Fighting
 + Level 14.6 Polearms
 + Level 11.3 Throwing
 + Level 8.5 Armour
 + Level 14.8 Dodging
 + Level 7.0 Shields


You had 13 spell levels left.
You didn't know any spells.
Your spell library contained the following spells:

 Spells                   Type           Power      Damage    Failure   Level
 Necrotise                Necr           0%         1d4       88%         1
 Scorch                   Fire           0%         2d5       96%         2
 Confusing Touch          Hex            0%         N/A       99%         3
 Vampiric Draining        Necr           0%         2d6       99%         3
 Flame Wave               Conj/Fire      0%         2d4       100%        4
 Agony                    Necr           0%         N/A       100%        5
 Yara's Violent Unravell  Hex/Tmut       0%         3d3       100%        5
 Summon Cactus Giant      Summ           0%         N/A       100%        6
 Enfeeble                 Hex            0%         N/A       100%        7


Dungeon Overview and Level Annotations

Branches:
Dungeon (10/15)            Temple (1/1) D:7            Lair (5/5) D:10
  Swamp (0/4) Lair:3        Snake (0/4) Lair:2        Slime (0/5) Lair:5
  Sewer (visited)
    Orc: D:9-12

Altars:
Ashenzari
Cheibriados
Dithmenos
Fedhas
Gozag
Makhleb
Okawaru
Ru
Trog
Wu Jian
Yredelemnul
The Shining One
Jiyva

Shops:
D:10 ?   Lair:3 =*

Annotations:
Lair:2 3 runed translucent doors, LustLizard's ghost, journeyman HOFE
Lair:5 1 runed translucent door


Innate Abilities, Weirdness & Mutations

((You are very nimble when in or above water. (Stealth+, EV+, Speed+++)))
Your lower body shifts to a powerful aquatic tail in water.
You are weak. (Str -2)
You expend magic power (3 MP) to strengthen your wands.


Message History

You block the death yak's attack.
You impale the death yak!!
The death yak is almost dead.
Your +3 spectral trident hits the death yak.
You kill the death yak!
The death yak gores you!
You completely miss the death yak.
Your +3 spectral trident hits the death yak but does no damage.
You barely miss the death yak.
Your +3 spectral trident hits the death yak!
The death yak gores your +3 spectral trident!
Your spectral weapon shares its damage with you!
You barely miss the death yak.
The death yak is lightly wounded.
Your +3 spectral trident hits the death yak but does no damage.
The death yak closely misses your +3 spectral trident.
You puncture the death yak!
The death yak is moderately wounded.
Your +3 spectral trident hits the death yak.
The death yak barely misses you.
You puncture the death yak!
The death yak is moderately wounded.
Your +3 spectral trident hits the death yak.
As you read the scroll of teleportation, it crumbles to dust.
You feel strangely unstable.
You puncture the death yak!
The death yak is lightly wounded.
Your +3 spectral trident hits the death yak from afar.
The death yak gores you! The death yak gores you!!
* * * LOW HITPOINT WARNING * * *
You hit the death yak but do no damage.
The death yak is lightly wounded.
Your +3 spectral trident hits the death yak from afar!
The yak is distracted by your dazzling golden aura.
The death yak gores you!
* * * LOW HITPOINT WARNING * * *
The death yak snorts and paws the ground.
The death yak gores you!!
You die...
Your body crumbles into a pile of gold.

###.##.(## #..
##Y.Y....P## ...
#...#......# #.#
...###.....# #.#
Y.## ##Y..P# #.#
### ###..### #.#
# ##...## #.#
##..### ##.#### #
#...## #.YY@.# #
##...# ##.Y#Y(.#
###...##
#$.####.#
Y...Y..## ##..##
##
...###.Y####....#
P###
##..##Y....## ##
#.....8.8..## #
###.8....8..# ##
#....8...$.# $


You could see 2 death yaks, 2 yaks and a friendly +3 spectral trident
(summoned).

Vanquished Creatures
  Fannar (Lair:2)
  3 hydras
  2 catoblepae (Lair:5)
  Harold (D:9)
  2 two-headed ogres (D:10)
  A centaur warrior (D:9)
  Erica (D:9)
  14 death yaks
  Pikel (D:9)
  A lindwurm (Lair:4)
  2 manticores (Lair:5)
  Maurice (D:8)
  Joseph (D:9)
  17 elephants
  6 black mambas
  9 cane toads
  An efreet (D:10)
  An unseen horror zombie (D:9)
  A rime drake (Lair:3)
  An unseen horror (D:10)
  11 komodo dragons
  3 polar bears
  Grinder (D:5)
  Prince Ribbit (D:6)
  10 dream sheep
  8 blink frogs (Lair:2)
  A shadow (D:10)
  6 wyverns
  A wraith (D:9)
  4 basilisks
  41 yaks
  2 steam dragons
  3 nagas (Lair:2)
  2 swamp worms (Lair:3)
  10 water moccasins
  Edmund (D:5)
  3 orc warriors
  2 sky beasts
  Duvessa (D:6)
  3 ice beasts
  5 black bears
  31 wolves
  2 ogres
  5 centaurs
  2 lemures (D:9)
  2 phantoms
  4 kobold brigands
  12 bullfrogs
  A wyvern zombie (D:9)
  A necrophage (D:4)
  4 gnoll sergeants
  A scorpion (D:6)
  9 wights
  Dowan (D:6)
  8 killer bees
  An electric eel (Lair:3)
  9 howler monkeys
  2 centaur zombies (D:9)
  2 jellies
  6 orc priests
  A hound (D:5)
  6 orc wizards
  4 iguanas
  7 hell rats (Lair:5)
  2 howler monkey zombies (D:9)
  9 gnolls
  13 adders
  3 river rats (Sewer)
  A white imp (D:6)
  2 ufetubi
  An adder zombie (D:3)
  2 worms
  4 dart slugs
  29 orcs
  7 bats
  8 endoplasms
  2 giant cockroaches (D:1)
  11 goblins
  9 hobgoblins
  13 jackals
  7 kobolds
  6 quokkas
  15 ball pythons
  A ball python zombie (D:3)
  6 frilled lizards
  9 rats
467 creatures vanquished.

Vanquished Creatures (others)
  A goblin (D:2)
  25 fungi
  52 plants
78 creatures vanquished.

Grand Total: 545 creatures vanquished

Notes
Turn   | Place    | Note
-------+----------+-------------------------------------------
     0 | D:1      | qeuew the Merfolk Gladiator began the quest for the Orb.
     0 | D:1      | Reached XP level 1. HP: 16/16 MP: 1/1
   133 | D:1      | Reached XP level 2. HP: 9/23 MP: 2/2
   901 | D:1      | Reached XP level 3. HP: 28/28 MP: 3/3
  1863 | D:2      | Reached XP level 4. HP: 32/34 MP: 4/4
  2046 | D:2      | Reached skill level 1 in Armour
  2148 | D:2      | Found a faded altar of an unknown god.
  2504 | D:3      | Found a basalt altar of Yredelemnul.
  2659 | D:3      | Found a glowing drain.
  2663 | Sewer    | Entered a sewer
  2666 | Sewer    | Noticed a kobold brigand
  2674 | Sewer    | Killed a kobold brigand
  2675 | Sewer    | Reached skill level 5 in Polearms
  2675 | Sewer    | Reached skill level 5 in Dodging
  2675 | Sewer    | Reached XP level 5. HP: 32/41 MP: 5/5
  2773 | Sewer    | Noticed a kobold brigand
  2783 | Sewer    | Killed a kobold brigand
  2784 | Sewer    | Reached XP level 6. HP: 47/47 MP: 6/6
  3031 | Sewer    | Identified a scroll of acquirement
  3031 | Sewer    | Acquired the amulet "Neitz" {Reflect Rampage SH+5}
  3276 | D:4      | Found a broken altar of Ashenzari.
  3324 | D:4      | Reached XP level 7. HP: 54/54 MP: 7/7
  3432 | D:4      | Found a snail-covered altar of Cheibriados.
  4108 | D:5      | Entered Level 5 of the Dungeon
  4108 | D:5      | Noticed a yak
  4108 | D:5      | Noticed a yak
  4108 | D:5      | Noticed a yak
  4108 | D:5      | Noticed a yak
  4108 | D:5      | Noticed a yak
  4109 | D:5      | Noticed a yak
  4121 | D:4      | Killed a yak
  4136 | D:4      | Killed a yak
  4137 | D:4      | Reached XP level 8. HP: 7/61 MP: 8/8
  4640 | D:5      | Killed a yak
  4641 | D:5      | Reached skill level 5 in Fighting
  4860 | D:5      | Noticed Grinder
  4868 | D:5      | Killed Grinder
  4962 | D:5      | Noticed Edmund
  4970 | D:5      | Reached skill level 5 in Throwing
  4989 | D:5      | Killed Edmund
  5553 | D:6      | Noticed Duvessa
  5553 | D:6      | Noticed Dowan
  5559 | D:6      | Killed Duvessa
  5560 | D:6      | Reached XP level 9. HP: 28/69 MP: 9/9
  5779 | D:6      | Killed Dowan
  6232 | D:6      | Found a shadowy altar of Dithmenos.
  6876 | D:6      | Noticed Prince Ribbit
  6883 | D:6      | Killed Prince Ribbit
  7226 | D:7      | Found a staircase to the Ecumenical Temple.
  7233 | D:7      | Reached XP level 10. HP: 79/79 MP: 10/10
  7237 | Temple   | Entered the Ecumenical Temple
  7244 | Temple   | Became a worshipper of Gozag Ym Sagoz the Greedy
  8222 | D:8      | Noticed Maurice
  8229 | D:8      | Reached skill level 5 in Armour
  8236 | D:8      | Killed Maurice
  8784 | D:9      | Reached skill level 10 in Dodging
  8843 | D:9      | Reached skill level 10 in Polearms
  8883 | D:9      | Noticed Joseph
  8894 | D:9      | Killed Joseph
  9180 | D:9      | Noticed a centaur warrior
  9190 | D:9      | Killed a centaur warrior
  9191 | D:9      | Reached XP level 11. HP: 32/87 MP: 11/11
  9946 | D:9      | Noticed Pikel
  9955 | D:9      | Killed Pikel
 10120 | D:9      | Noticed Harold
 10130 | D:9      | Killed Harold
 10348 | D:9      | Noticed Erica
 10356 | D:9      | Killed Erica
 10617 | D:10     | Entered Level 10 of the Dungeon
 10873 | D:10     | Found Naequbor's Magic Scroll Boutique.
 10876 | D:10     | Bought a scroll of fear for 40 gold pieces
 10876 | D:10     | Bought a scroll of blinking for 75 gold pieces
 10876 | D:10     | Bought a scroll of enchant weapon for 75 gold pieces
 10965 | D:10     | Noticed a two-headed ogre
 10975 | D:10     | Killed a two-headed ogre
 11061 | D:10     | Noticed a two-headed ogre
 11066 | D:10     | Found a staircase to the Lair.
 11076 | D:10     | Killed a two-headed ogre
 11146 | D:10     | Found an iron altar of Okawaru.
 11147 | D:10     | Found a bloodstained altar of Trog.
 11147 | D:10     | Found an ornate altar of the Wu Jian Council.
 11403 | D:10     | Found a glowing golden altar of the Shining One.
 11997 | D:10     | Gained mutation: You are weak. (Str -2) [potion of
                  | mutation]
 11997 | D:10     | Gained mutation: You expend magic power (3 MP) to
                  | strengthen your wands. [potion of mutation]
 12041 | Lair:1   | Entered Level 1 of the Lair of Beasts
 12050 | Lair:1   | Reached XP level 12. HP: 82/96 MP: 12/12
 12490 | Lair:1   | Noticed a five-headed hydra
 12725 | D:10     | Killed a five-headed hydra
 12726 | D:10     | Reached skill level 1 in Shields
 13055 | Lair:1   | Noticed a five-headed hydra
 13064 | Lair:1   | Killed a five-headed hydra
 13065 | Lair:1   | Reached skill level 10 in Fighting
 13694 | Lair:1   | Identified the amulet "Lune" {-Cast Harm rElec Regen+}
 14544 | Lair:2   | Found a runed translucent gate.
 14544 | Lair:2   | Found a runed translucent gate.
 14546 | Lair:2   | Found a runed translucent gate.
 14548 | Lair:2   | Noticed a great orb of eyes
 14549 | Lair:2   | Found a viscous altar of Jiyva.
 14549 | Lair:2   | Noticed LustLizard's ghost (journeyman HOFE)
 14633 | Lair:2   | Found a staircase to the Snake Pit.
 14812 | Lair:2   | Noticed Fannar
 14821 | Lair:2   | Killed Fannar
 14998 | Lair:3   | You fall into a shaft and drop 2 floors!
 14998 | Lair:5   | Entered Level 5 of the Lair of Beasts
 15062 | Lair:5   | Reached XP level 13. HP: 56/104 MP: 13/13
 15738 | Lair:5   | Reached skill level 10 in Throwing
 16867 | Lair:3   | Found a staircase to the Swamp.
 17337 | Lair:4   | Reached skill level 5 in Shields
 19177 | Lair:5   | HP: 5/106 [black mamba (10)]
 19840 | Lair:3   | Bought the ring "Icafyvyl" {rPois rC+ Will+ rCorr Str+3}
                  | for 771 gold pieces
 20113 | Lair:5   | Reached XP level 14. HP: 107/113 MP: 14/14
 21438 | Lair:5   | Found a runed translucent door.
 21438 | Lair:5   | Found a viscous altar of Jiyva.
 21950 | Lair:5   | Found a staircase to the Slime Pits.
 23552 | Lair:5   | Mangled by a death yak

Illustrated notes

Levels and vault maps discovered:
D:1:      kennysheep_arrival_seaside, layout_basic, minivault_5
D:2:      layout_basic, hellmonk_ecumenical_altar_prayer_group
D:3:      layout_basic, lemuel_zombie_altar_yredelemnul, gup_sewer_entry_spiral
D:4:      layout_gridville, kennysheep_mini_moat, nicolae_ashenzari_panopticon
D:5:      layout_cave_pools, uniq_edmund, uniq_grinder
D:6:      layout_gridville, general_overflow_altar, uniq_duvessa,
          uniq_prince_ribbit1
D:7:      layout_cave_pods, minmay_temple_entry_statues_pillars
D:8:      layout_basic, uniq_maurice
D:9:      layout_irregular_city, serial_undead, serial_undead_a,
          serial_undead_d, serial_undead_f, serial_undead_e, serial_undead_f,
          serial_undead_e, kennysheep_generic_room_6, uniq_erica, uniq_pikel,
          uniq_joseph, uniq_harold
D:10:     layout_cave_pods, nicolae_overflow_quartered_altars, lair_entry_dummy,
          serial_shops, kennysheep_mini, minmay_fractal_squares_5
Temple:   nicolae_temple_superstar
Lair:1:   layout_regular_city
Lair:2:   layout_cave_shapes, guppyfry_snake_entry_island, gammafunk_ghost_ooze,
          uniq_fannar
Lair:3:   layout_gridlike, nicolae_swamp_entry_splash_gauntlet
Lair:4:   layout_cave_pods, minmay_lindwurm_lava, lemuel_fruit_tree
Lair:5:   evilmike_catoblepas_cave, layout_layer_cave, slime_entry_2

Skill      XL: |  1  2  3  4  5  6  7  8  9 10 11 12 13 14 |
---------------+-------------------------------------------+-----
Armour         | 1 2 3 4 5 6 7 8 |  8.5
Fighting       | 3 4 5 7 8 9 10 11 12 | 12.2
Polearms       | 5 6 7 9 10 11 12 13 14 | 14.6
Throwing       | 3 4 5 6 7 8 9 10 11 | 11.3
Dodging        | 5 6 7 9 10 11 12 14 | 14.8
Shields        | 3 5 7 |  7.0

Action                   |  1- 3 |  4- 6 |  7- 9 | 10-12 | 13-15 || total
-------------------------+-------+-------+-------+-------+-------++-------
Melee: Trident           |   128 |   112 |   180 |   518 |   575 ||  1513
       Tailslap          |       |     3 |       |     1 |       ||     4
       Punch             |       |       |     4 |     2 |       ||     6
Throw: Javelin           |       |       |     5 |     2 |       ||     7
       Throwing net      |       |       |     3 |     2 |       ||     5
Invok: Potion Petition   |       |       |       |     1 |       ||     1
       Call Merchant     |       |       |       |       |     2 ||     2
  Use: Scroll            |     3 |     8 |     5 |    10 |     9 ||    35
       Potion            |     2 |     3 |     4 |     6 |     7 ||    22
 Stab: Sleeping          |     1 |     3 |       |       |       ||     4
       Distracted        |       |     1 |     2 |    20 |    12 ||    35
       Held in net/web   |       |       |     1 |     1 |       ||     2
       Petrified         |       |       |       |       |     3 ||     3
       Petrifying        |       |       |       |       |     2 ||     2
Armor: Leather armour    |    21 |       |       |       |       ||    21
       Ring mail         |    15 |    18 |    23 |    83 |   101 ||   240
Dodge: Dodged            |    87 |    38 |    68 |   192 |   242 ||   627
       Repelled          |       |       |       |       |     2 ||     2
Block: Other             |       |       |    15 |    40 |       ||    55
       Reflection        |       |       |     2 |     6 |     3 ||    11
       Kite shield       |       |       |       |   172 |   455 ||   627
